 Dungeon Crawl Stone Soup version 0.25-a0-458-g6fc7858b95 (webtiles) character file.

Game seed: 9456860841626486228, levelgen mode: deterministic

127 Eurus the Magician (level 4, -3/34 HPs)
             Began as a Mummy Conjurer on Feb 2, 2020.
             Slain by an orc
             ... wielding a +0 flail
              (10 damage)
             ... on level 2 of the Dungeon.
             The game lasted 00:06:00 (2613 turns).

Eurus the Magician (Mummy Conjurer)                 Turns: 2613, Time: 00:06:01

Health: -3/34      AC:  3    Str: 11    XL:     4   Next: 85%
Magic:  3/10       EV: 12    Int: 15    God:
Gold:   105        SH:  0    Dex: 12    Spells: 8/11 levels left

rFire    x . .     SeeInvis .   b - +0 club
rCold    + . .     Gourm    .   (no shield)
rNeg     + + +     Faith    .   a - +0 robe
rPois    ∞         Spirit   .   f - +0 helmet
rElec    .         Reflect  .   (no cloak)
rCorr    .         Harm     .   (no gloves)
MR       .....                  (no boots)
Stlth    ++........             (no amulet)
HPRegen  0.11/turn              (no ring)
MPRegen  0.12/turn              (no ring)

@: no status effects
A: no food or potions, fire vulnerability, cold resistance 1, negative energy
resistance 3, torment resistance, unbreathing
a: no special abilities


You were on level 2 of the Dungeon.
You were not hungry.

You visited 1 branch of the dungeon, and saw 3 of its levels.

You collected 105 gold pieces.

Inventory:

Hand Weapons
 b - a +0 club (weapon)
Armour
 a - a +0 robe (worn)
 f - a +0 helmet (worn)
Jewellery
 e - a +2 ring of evasion {unknown}
 g - a cursed ring of teleportation {unknown}
Scrolls
 c - 4 scrolls of remove curse {unknown}
 d - a scroll of identify {unknown}
 h - a scroll of teleportation {unknown}


   Skills:
 + Level 2.3 Fighting
 - Level 1.5 Dodging
 - Level 1.5 Stealth
 + Level 4.2 Spellcasting
 + Level 4.0 Conjurations


You had 8 spell levels left.
You knew the following spells:

 Your Spells              Type           Power        Failure   Level  Hunger
a - Magic Dart            Conj           ###.         3%          1    N/A
b - Searing Ray           Conj           ###...       4%          2    N/A

Your spell library contained the following spells:

 Spells                   Type           Power        Failure   Level  Hunger
 Dazzling Flash           Conj/Hex       #.....       24%         3    N/A
 Fulminant Prism          Conj/Hex       #.........   61%         4    N/A
 Iskenderun's Mystic Bla  Conj/Tloc      #.......     61%         4    N/A

Dungeon Overview and Level Annotations

Branches:
Dungeon (3/15)

Altars:


Innate Abilities, Weirdness & Mutations

You do not eat or drink.
Your flesh is vulnerable to fire.
You are immune to poison.
Your flesh is cold resistant. (rC+)
You are immune to negative energy. (rN+++)
You are immune to unholy pain and torment.
You can survive without breathing.


Message History

You kill the orc!
The orc closely misses you.
Your magical contamination has completely faded away.
Things that are here:
3 boomerangs; a +0 leather armour You hit the orc.
The orc is severely wounded.
The orc closely misses you.
You closely miss the orc.
The orc is severely wounded.
The orc barely misses you.
You hit the orc but do no damage.
The orc is severely wounded.
The orc hits you with a +0 flail!
* * * LOW HITPOINT WARNING * * *
The orc closely misses you.
You closely miss the orc.
The orc is heavily wounded.
The orc hits you with a +0 flail!
You die...

......#
#....###.......##.....o[
......#
#.....##.......##...)...
......#
#.....##.......##.......
#######
#......#.#####........##
######....!...........#
#...#.####.......#
##..#.# #....##.##
##..#.# #....##..#
#.@...# #....##...
#.o>#.# #....###.#
###.#.#.# ####.###..
#.......# #.....#
#.#.#.#.# #######
#.#...#.#
#####.###.#.###
#.........#...#
#########.###.#


You could see an orc.

Vanquished Creatures
  Terence (D:2)
  4 adders (D:2)
  An ooze (D:2)
  2 worms (D:2)
  2 dart slugs
  7 orcs
  2 bats
  8 hobgoblins
  2 jackals (D:1)
  A ball python (D:3)
  6 goblins
  4 kobolds
  7 rats
47 creatures vanquished.

Notes
Turn   | Place    | Note
-------+----------+-------------------------------------------
     0 | D:1      | Eurus the Mummy Conjurer began the quest for the Orb.
     0 | D:1      | Reached XP level 1. HP: 13/13 MP: 4/4
   451 | D:1      | Reached XP level 2. HP: 20/20 MP: 4/6
   460 | D:1      | Learned a level 2 spell: Searing Ray
   721 | D:1      | Reached skill level 1 in Fighting
  1241 | D:2      | Reached XP level 3. HP: 26/26 MP: 2/7
  1398 | D:2      | HP: 1/26 [adder (5)]
  1415 | D:2      | HP: 1/26 [rat (1)]
  1840 | D:2      | Noticed an orc warrior
  2114 | D:2      | Reached XP level 4. HP: 33/33 MP: 6/9
  2175 | D:2      | Noticed Terence
  2182 | D:2      | Killed Terence
  2613 | D:2      | Slain by an orc

Levels and vault maps discovered:
D:1:      noname_arrival_rooms_in_the_neighbourhood, layout_rooms,
          serial_rivers, chequers_serial_rivers_micro_d,
          chequers_serial_rivers_large_a, chequers_serial_rivers_marsh,
          chequers_serial_rivers_marsh
D:2:      layout_basic, first_ration, uniq_terence
D:3:      layout_basic, lemuel_coloured_pillars_altar, hex_tiny, uniq_jessica,
          uniq_grinder

Skill      XL: |  1  2  3  4 |
---------------+-------------+-----
Spellcasting   | 3 4 |  4.2
Fighting       | 1 2 |  2.3
Conjurations   | 4 |  4.0
Dodging        | |  1.5
Stealth        | |  1.5

Action                   |  1- 3 |  4- 6 || total
-------------------------+-------+-------++-------
Melee: Unarmed           |     6 |       ||     6
       Club              |    37 |    11 ||    48
 Cast: Magic Dart        |    48 |    19 ||    67
       Searing Ray       |     7 |     3 ||    10
Armor: Robe              |    14 |     2 ||    16
Dodge: Dodged            |    50 |    20 ||    70

Table legend:
 A = Non-vault XP
 B = Vault XP
 C = Vault XP percentage of total XP
 D = Non-vault monster count
 E = Vault monster count
 F = Vault count percentage of total count
                 A         B        C        D         E       F
            +---------+---------+-------+---------+---------+-------
      Total |     146 |      36 |  19.8 |      46 |       1 |   2.1
            +---------+---------+-------+---------+---------+-------
        D:1 |      29 |       0 |   0.0 |      15 |       0 |   0.0
        D:2 |      93 |      36 |  27.9 |      22 |       1 |   4.3
        D:3 |      24 |       0 |   0.0 |       9 |       0 |   0.0
            +---------+---------+-------+---------+---------+-------
